 Dungeon Crawl Stone Soup version 0.23-a0-726-g9fa1570 (console) character file.

419 Duffy the Chopper (level 6, 0/56 HPs)
             Began as a Naga Fighter on Jan 16, 2019.
             Slain by a black bear (5 damage)
             ... on level 6 of the Dungeon.
             The game lasted 00:03:11 (2660 turns).

Duffy the Chopper (Naga Fighter)                    Turns: 2660, Time: 00:03:12

Health: 0/56       AC:  5    Str: 21    XL:     6   Next: 93%
Magic:  8/8        EV:  6    Int:  8    God:
Gold:   87         SH:  9    Dex: 10    Spells: 5/5 levels left

rFire    . . .     SeeInvis +   a - +0 war axe
rCold    . . .     Gourm    .   c - +0 shield
rNeg     . . .     Faith    .   b - +0 scale mail
rPois    +         Spirit   .   (no helmet)
rElec    .         Reflect  .   (no cloak)
rCorr    .         Harm     .   (no gloves)
MR       .....                  (no barding)
Stlth    ..........             (no amulet)
HPRegen  0.18/turn              (no ring)
MPRegen  0.11/turn              (no ring)

@: very slow
A: large, see invisible, deformed body, poison resistance, slowness 2, slow
metabolism 1, spit poison 1, AC +2
a: Spit Poison


You were on level 6 of the Dungeon.
You were not hungry.

You visited 1 branch of the dungeon, and saw 7 of its levels.

You collected 87 gold pieces.

Inventory:

Hand Weapons
 a - a +0 war axe (weapon)
Armour
 b - a +0 scale mail (worn)
 c - a +0 shield (worn)
 m - +0 ice dragon scales
Wands
 k - a wand of paralysis (5)
 q - a wand of enslavement (3)
Scrolls
 e - 4 scrolls of identify {unknown}
 h - a scroll of enchant armour {unknown}
 i - a scroll of noise {unknown}
 j - a scroll of magic mapping {unknown}
 l - a scroll of enchant weapon {unknown}
 p - a scroll of teleportation {unknown}
Potions
 d - a potion of might
 g - a potion of brilliance {unknown}
 n - a potion of invisibility {unknown}
 o - a potion of heal wounds {unknown}
 r - a potion of agility {unknown}
Comestibles
 f - 4 rations


   Skills:
 - Level 3.0 Fighting
 + Level 4.5 Axes
 - Level 2.4 Armour
 + Level 4.1 Shields
 + Level 3.4 Evocations


You had 5 spell levels left.
You didn't know any spells.
Your spell library was empty.

Dungeon Overview and Level Annotations

Branches:
Dungeon (7/15)
 Temple: D:4-7

Altars:
Cheibriados
Trog
Uskayaw
Wu Jian


Innate Abilities, Weirdness & Mutations

You cannot wear boots.
Your serpentine skin is tough. (AC +2)
You have supernaturally acute eyesight. (SInv)
Armour fits poorly on your strangely shaped body.
Your system is resistant to poisons. (rPois)
You cover ground very slowly.
You have a slow metabolism.
You can spit poison.


Message History

Your shield and scale mail prevent you from hitting the black bear.
The black bear is severely wounded.
You block the black bear's attack. The black bear closely misses you.
The black bear claws you. You block the black bear's attack.
The black bear closely misses you. The black bear claws you.
Evoke which item? (* to show all) (? for menu, Esc to quit)
Aiming: Paralyse
Press: ? - help, Shift-Dir - straight line, f/p - black bear
Aim: a black bear (severely wounded, berserk, fast, unusually strong, chance to defeat MR: 56%)
The black bear resists with significant effort.
You block the black bear's attack.
The black bear claws you but does no damage.
The black bear claws you.
Evoke which item? (* to show all) (? for menu, Esc to quit)
Aiming: Paralyse
Press: ? - help, Shift-Dir - straight line, f/p - black bear
Aim: a black bear (severely wounded, berserk, fast, unusually strong, chance to defeat MR: 56%)
The black bear resists with significant effort.
The black bear bites you.
You die...

#.#_).....###
#^#.......#
#.........#
#.........#
##.8.8.8..#
#........#
#######..#
..###..######
.......hSh@..#
##.....####..)..#
#...P.# ###.##
...P_P(# #
.......# #......#
#...#.#


You could see 2 black bears and an adder.

Vanquished Creatures
  A black bear (D:5)
  A centaur (D:6)
  3 hounds (D:5)
  An orc wizard (D:6)
  2 worker ants
  A hound skeleton (D:6)
  A worker ant zombie (D:5)
  An adder (D:6)
  A shadow imp (D:5)
  An ooze (D:2)
  An adder zombie (D:5)
  A worm (D:4)
  10 orcs
  A giant cockroach (D:5)
  2 goblins (D:2)
  A hobgoblin (D:2)
  2 kobolds
  A quokka (D:5)
  A ball python (D:5)
  3 bats
  2 frilled lizards
  A quokka skeleton (D:4)
  2 rats (D:1)
41 creatures vanquished.

Notes
Turn   | Place    | Note
-------+----------+-------------------------------------------
     0 | D:1      | Duffy the Naga Fighter began the quest for the Orb.
     0 | D:1      | Reached XP level 1. HP: 21/21 MP: 1/1
   110 | D:2      | Reached XP level 2. HP: 24/28 MP: 2/2
   207 | D:2      | Found an ornate altar of the Wu Jian Council.
   709 | D:4      | HP: 1/28 [orc/+0 trident (4)]
   714 | D:4      | Reached XP level 3. HP: 2/34 MP: 3/3
  1145 | D:5      | Entered Level 5 of the Dungeon
  1183 | D:4      | Found a snail-covered altar of Cheibriados.
  1258 | D:5      | Reached skill level 1 in Evocations
  1258 | D:5      | Reached XP level 4. HP: 25/42 MP: 3/5
  1532 | D:5      | Noticed a black bear
  1539 | D:5      | Killed a black bear
  1539 | D:5      | Reached XP level 5. HP: 25/49 MP: 6/6
  1599 | D:5      | Reached XP level 6. HP: 10/56 MP: 6/8
  2622 | D:6      | Found a hide-covered altar of Uskayaw.
  2646 | D:6      | Found a bloodstained altar of Trog.
  2646 | D:6      | Noticed a black bear
  2646 | D:6      | Noticed a black bear
  2660 | D:6      | Slain by a black bear

Vault maps used:
D:1:      scummos_arrival_simple_fountains
D:2:      nicolae_overflow_crystal_walls, marbit_many_paths, dk_noncrumbling_3
D:3:      lemuel_crystal_altar, overflow_temple_1_default, first_ration,
          kennysheep_boxes
D:4:      lemuel_doored_altar
D:5:      yredelemnul_forgotten_temple_becter, old_standard_altar
D:6:      trog_ov_bears_minmay, eat_drink_and_be_merry_uskayaw,
          grunt_gozag_statues
D:7:      kennysheep_mini_moat, minmay_temple_entry_glassed_door, uniq_joseph,
          uniq_pikel, uniq_prince_ribbit1, uniq_menkaure

Skill      XL: |  1  2  3  4  5  6 |
---------------+-------------------+-----
Shields        | 3 4 |  4.1
Axes           | 3 4 |  4.5
Evocations     | 1 2 3 |  3.4
Fighting       | |  3.0
Armour         | |  2.4

Action                   |  1- 3 |  4- 6 || total
-------------------------+-------+-------++-------
Melee: War axe           |    90 |    95 ||   185
 Abil: Spit Poison       |       |     6 ||     6
Evoke: Wand              |     3 |     4 ||     7
 Stab: Paralysed         |     3 |     5 ||     8
  Eat: Chunk             |       |     4 ||     4
Armor: Scale mail        |    46 |    48 ||    94
       Ice dragon scales |     6 |       ||     6
Dodge: Dodged            |    29 |    36 ||    65
Block: Shield            |    82 |    74 ||   156

Table legend:
 A = Non-vault XP
 B = Vault XP
 C = Vault XP percentage of total XP
 D = Non-vault monster count
 E = Vault monster count
 F = Vault count percentage of total count
                 A         B        C        D         E       F
            +---------+---------+-------+---------+---------+-------
      Total |     599 |       0 |   0.0 |      41 |       0 |   0.0
            +---------+---------+-------+---------+---------+-------
        D:1 |       5 |       0 |   0.0 |       4 |       0 |   0.0
        D:2 |      15 |       0 |   0.0 |       6 |       0 |   0.0
        D:3 |       2 |       0 |   0.0 |       2 |       0 |   0.0
        D:4 |      22 |       0 |   0.0 |       8 |       0 |   0.0
        D:5 |     332 |       0 |   0.0 |      13 |       0 |   0.0
        D:6 |     223 |       0 |   0.0 |       8 |       0 |   0.0
            +---------+---------+-------+---------+---------+-------
